Map: Blackpink LE

Players

Schnitzel

  • Race: Terran Terran
  • League: Master
  • Spawn Location: 1:00

RightLeg - Winner!

  • Race: Terran Terran
  • League: Master
  • Spawn Location: 7:00

VOD

Have the link to the VOD?

Description

pewdiepew

Time

  • Played on: Dec. 13, 2017, 7:20 p.m.
  • Length: 7:39
Show
View Real Time Build Order
Export as new Build Order

Schnitzel Terran 

Build Orders: MMM Bio 

Get SALT Encoding   

  12  0:00  SCV  
  13  0:13  SCV  
  14  0:17  Supply Depot  
  14  0:25  SCV  
  15  0:30  Refinery  
  15  0:38  SCV  
  16  0:44  Barracks  
  16  0:50  SCV  
  17  1:02  SCV  
  18  1:15  SCV  
  19  1:31  Orbital Command  
  19  1:32  Reaper  
  20  1:59  SCV  
  21  2:03  Marine  
  21  2:05  Command Center  
  22  2:09  Supply Depot  
  22  2:18  SCV  
  22  2:19  Factory  
  23  2:26  Marine  
  23  2:35  SCV  
  24  2:38  Refinery, Barracks  
  24  2:44  Marine  
  24  2:47  SCV  
  26  2:59  SCV  
  26  3:02  Marine, Cyclone  
  31  3:17  SCV  
  31  3:18  Orbital Command  
  32  3:20  Barracks Tech Lab  
  32  3:26  Barracks Reactor  
  32  3:29  SCV  
  33  3:35  Supply Depot, Cyclone  
  33  3:38  Marine  
  33  3:40  Stimpack  
  37  3:41  SCV  
  37  3:44  SCV  
  39  3:53  Supply Depot, SCV  
  40  3:57  SCV, Supply Depot  
  40  4:00  Marine  
  40  4:02  Marine  
  43  4:03  Marine  
  43  4:05  SCV  
  43  4:09  SCV  
  46  4:12  Starport  
  46  4:13  Factory Reactor  
  46  4:21  SCV, Supply Depot  
  46  4:22  Marine  
  46  4:23  Marine  
  49  4:24  Marine  
  50  4:35  SCV  
  50  4:37  Supply Depot  
  51  4:39  SCV  
  51  4:40  Marine  
  51  4:41  Marine  
  54  4:46  Supply Depot  
  54  4:48  SCV  
  54  4:51  SCV  
  56  4:57  Supply Depot  
  56  4:58  Marine, Factory Tech Lab  
  56  4:59  Medivac x2  
  61  5:00  SCV  
  61  5:04  Engineering Bay, SCV  
  61  5:05  Marine  
  61  5:06  Marine  
  65  5:12  SCV  
  65  5:13  Refinery  
  66  5:14  Refinery  
  66  5:16  Marine  
  66  5:19  SCV  
  68  5:22  Supply Depot  
  68  5:23  Marine  
  68  5:24  SCV  
  68  5:25  Siege Tank  
  73  5:31  SCV  
  73  5:33  Terran Infantry Weapons Level 1  
  74  5:36  SCV  
  74  5:41  Marine  
  74  5:42  Marine, Marauder  
  79  5:43  SCV  
  79  5:45  Combat Shields  
  79  5:48  SCV  
  81  5:56  SCV  
  82  5:59  Marine  
  82  6:00  Marine, Supply Depot  
  82  6:01  SCV  
  82  6:03  Siege Tank  
  88  6:08  SCV, Command Center  
  88  6:11  Marine  
  90  6:16  SCV  
  90  6:17  Marine  
  92  6:27  SCV  
  92  6:30  Marine  
  94  6:35  SCV  
  94  6:36  Barracks x2  
  94  6:37  Barracks  
  95  6:40  Armory  
  80  6:47  Marine x2  
  80  6:50  Marine  
  80  6:51  Siege Tank  
  84  6:57  SCV  
  84  7:00  Missile Turret  
  85  7:05  Marine x2, SCV  
  85  7:08  Marine  
  88  7:09  SCV  
Show
View Real Time Build Order
Export as new Build Order

RightLeg Terran - Winner!

Build Orders: Reaper Expand 

Get SALT Encoding   

  12  0:00  SCV  
  13  0:13  SCV  
  14  0:17  Supply Depot  
  14  0:25  SCV  
  15  0:28  Refinery  
  15  0:38  SCV  
  16  0:44  Barracks  
  16  0:51  SCV  
  17  1:03  SCV  
  18  1:15  SCV  
  19  1:31  Orbital Command  
  19  1:32  Reaper  
  20  1:57  SCV  
  20  2:00  Command Center  
  21  2:08  Factory  
  21  2:09  SCV  
  21  2:13  Barracks Reactor  
  21  2:17  Refinery  
  21  2:21  SCV  
  22  2:29  Supply Depot  
  22  2:33  SCV  
  23  2:50  SCV  
  24  3:01  Starport  
  24  3:03  SCV  
  29  3:05  Hellion  
  29  3:08  Cyclone  
  29  3:11  Orbital Command  
  30  3:15  SCV  
  31  3:21  Barracks Tech Lab  
  31  3:27  SCV  
  31  3:28  Hellion  
  34  3:37  SCV  
  34  3:39  SCV  
  34  3:41  Hellion  
  38  3:45  Supply Depot  
  38  3:48  Viking  
  40  3:49  SCV  
  40  3:53  Hellion  
  42  3:57  SCV  
  42  4:01  SCV  
  42  4:02  Hellion  
  46  4:09  SCV  
  47  4:13  SCV  
  47  4:16  Supply Depot  
  48  4:18  Hellion  
  48  4:20  Raven  
  48  4:22  SCV  
  53  4:25  SCV  
  54  4:36  Supply Depot, Factory, Barracks Reactor  
  54  4:38  Hellion, SCV x2  
  58  4:40  Hellion  
  60  4:46  Refinery  
  60  4:50  SCV x2  
  62  4:52  Supply Depot  
  62  4:59  Hellion  
  64  5:01  Hellion  
  64  5:02  SCV x2  
  68  5:14  SCV x2  
  68  5:17  Viking x2  
  74  5:23  Supply Depot  
  74  5:25  Hellion x2, Supply Depot  
  78  5:30  Infernal Pre-Igniter  
  78  5:38  Supply Depot  
  78  5:43  Armory  
  78  5:45  Hellion, SCV x2  
  82  5:51  Hellion x2  
  82  5:52  Medivac  
  82  5:53  Medivac  
  90  5:57  SCV x2  
  90  6:00  Supply Depot  
  92  6:08  Supply Depot  
  92  6:09  Hellion  
  92  6:10  SCV  
  95  6:11  SCV  
  95  6:12  Hellion  
  95  6:13  Hellion  
  100  6:19  Supply Depot  
  100  6:30  Hellion  
  102  6:35  Liberator x2  
  98  6:52  Hellion x3  
  110  6:59  Refinery  
  110  7:00  Factory  
  108  7:07  Command Center  
  108  7:13  Hellion x2  
Tags
 
Composition
MMM Bio
Matchup
TvT
Race
Terran
Spawn Locations
Cross Positions
Add a new tag
Caveats
  • Supply blocks, unpowered buildings, or Contaminate may cause inaccurate times.
  • Supply counts are checked every 10 seconds.